 Dungeon Crawl Stone Soup version 0.23-a0-891-g16004d8 (webtiles) character file.

Game seed: 8988375189557571922

181 robertstho the Magician (level 5, 0/28 HPs)
             Began as a Deep Elf Fire Elementalist on Jan 28, 2019.
             Succumbed to a crimson imp's poison
             ... on level 3 of the Dungeon.
             The game lasted 00:07:47 (2527 turns).

robertstho the Magician (DEFE)                      Turns: 2527, Time: 00:07:48

Health: 0/28       AC:  8    Str:  7 (10) XL:     5   Next: 34%
Magic:  14/14      EV: 10    Int: 20 (21) God:
Gold:   134        SH:  0    Dex: 12 (15) Spells: 3/13 levels left

rFire    . . .     SeeInvis .   g - +4 quarterstaff (chaos)
rCold    . . .     Gourm    .   (shield currently unavailable)
rNeg     . . .     Faith    .   p - +2 ring mail {rPois}
rPois    +         Spirit   .   (no helmet)
rElec    .         Reflect  .   j - +0 cloak
rCorr    .         Harm     .   (no gloves)
MR       .....                  (no boots)
Stlth    +.........             (no amulet)
HPRegen  0.09/turn              (no ring)
MPRegen  0.14/turn              (no ring)

@: mighty, lethally poisoned (0 -> -4), flying
A: no striking features
a: no special abilities


You were on level 3 of the Dungeon.
You were not hungry.

You visited 1 branch of the dungeon, and saw 3 of its levels.

You collected 134 gold pieces.

Inventory:

Hand Weapons
 f - a +0 short sword
 g - a +4 quarterstaff of chaos (weapon)
Missiles
 d - 20 sling bullets
 e - 14 arrows
Armour
 a - a +0 robe
 j - a +0 cloak (worn)
 m - a +0 robe
 p - a +2 ring mail of poison resistance (worn)
Wands
 b - a wand of flame (14)
Potions
 i - a potion of degeneration
Comestibles
 c - 5 rations
 n - 3 chunks of flesh


   Skills:
 + Level 0.1 Fighting
 + Level 0.6 Short Blades
 + Level 0.2 Staves
 * Level 0.3 Armour
 + Level 3.2 Dodging
 - Level 2.4 Stealth
 * Level 4.8 Spellcasting
 + Level 2.7 Conjurations
 + Level 4.4 Fire Magic


You had 3 spell levels left.
You knew the following spells:

 Your Spells              Type           Power        Failure   Level  Hunger
a - Flame Tongue          Conj/Fire      ###..        10%         1    None
b - Throw Flame           Conj/Fire      ###...       14%         2    #......
c - Conjure Flame         Conj/Fire      ###.....     28%         3    ##.....
d - Sticky Flame          Conj/Fire      ###.....     67%         4    ####...

Your spell library contained the following spells:

 Spells                   Type           Power        Failure   Level  Hunger
 Inner Flame              Hex/Fire       ##......     43%         3    ##.....
 Fireball                 Conj/Fire      ###.......   95%         5    ######.


Dungeon Overview and Level Annotations

Branches:
Dungeon (3/15)

Altars:
Xom

Annotations:
D:2 Sigmund


Message History

It was a potion of flight.
You feel very buoyant.
You fly up into the air.
* * * LOW HITPOINT WARNING * * *
You feel sick.
The crimson imp hits you but does no damage.
The crimson imp barely misses you.
It was a potion of might.
You feel very mighty all of a sudden.
* * * LOW HITPOINT WARNING * * *
You feel sick.
The crimson imp looks more healthy.
The crimson imp blinks! x2
You thump the crimson imp!
You kill the crimson imp!
You aren't carrying any scrolls.
Okay, then.
* * * LOW HITPOINT WARNING * * *
You feel sick.
* * * LOW HITPOINT WARNING * * *
You feel sick.
You die...

##### #.#.# ######
#.#.# #....###...###
#....#@'._.'.#
#....#.#...#.#
#......#.#.#.# . .
#..5..##.#.#.# ....
##.)....#####.#
.....#......#####..#
...........>......##
............#######
..........#.#


There were no monsters in sight!

Vanquished Creatures
  A crimson imp (D:3)
  Crazy Yiuf (D:2)
  Terence (D:2)
  3 adders (D:2)
  An ooze (D:1)
  2 worms (D:2)
  3 dart slugs (D:1)
  A leopard gecko (D:2)
  A ball python (D:1)
  2 giant cockroaches
  7 goblins
  5 hobgoblins
  5 jackals (D:2)
  A quokka (D:2)
  5 bats
  2 frilled lizards (D:2)
  4 kobolds
  6 rats
  2 fungi (D:2)
53 creatures vanquished.

Notes
Turn   | Place    | Note
-------+----------+-------------------------------------------
     0 | D:1      | robertstho the Deep Elf Fire Elementalist began the quest
                  | for the Orb.
     0 | D:1      | Reached XP level 1. HP: 10/10 MP: 6/6
   194 | D:1      | Reached XP level 2. HP: 10/15 MP: 4/8
   340 | D:1      | Learned a level 2 spell: Throw Flame
   648 | D:1      | Reached XP level 3. HP: 17/19 MP: 5/10
  1106 | D:2      | Noticed Sigmund
  1188 | D:2      | Noticed Terence
  1195 | D:2      | Killed Terence
  1316 | D:2      | Reached XP level 4. HP: 24/24 MP: 7/12
  2002 | D:2      | Learned a level 3 spell: Conjure Flame
  2007 | D:2      | Learned a level 4 spell: Sticky Flame
  2312 | D:2      | Found a runed translucent door.
  2313 | D:2      | Noticed Crazy Yiuf
  2320 | D:2      | Killed Crazy Yiuf
  2320 | D:2      | Reached XP level 5. HP: 19/28 MP: 6/13
  2467 | D:3      | Found a shimmering altar of Xom.
  2525 | D:3      | HP: 1/28 [poisoned by a crimson imp]
  2527 | D:3      | Succumbed to a crimson imp's poison

Vault maps used:
D:1:      kennysheep_arrival_seaside, serial_forest,
          infiniplex_forest_straight_3, infiniplex_forest_corner_2,
          infiniplex_forest_lined_room_2, infiniplex_forest_corner_2,
          infiniplex_forest_lined_ring, infiniplex_forest_straight_4,
          infiniplex_forest_zigzag_1, chequers_hall_statues_corner_a
D:2:      first_ration, minmay_liquid_box, uniq_sigmund,
          uniq_crazy_yiuf_cottage, uniq_terence
D:3:      cheibriados_altar_1, led_xom_imps, uniq_robin, uniq_jessica

Skill      XL: |  1  2  3  4 |
---------------+-------------+-----
Fire Magic     | 4 |  4.4
Spellcasting   | 4 |  4.8
Dodging        | 3 |  3.2
Conjurations   | 2 |  2.7
Fighting       | |  0.1
Short Blades   | |  0.6
Staves         | |  0.2
Armour         | |  0.3
Stealth        | |  2.4

Action                   |  1- 3 |  4- 6 || total
-------------------------+-------+-------++-------
Melee: Short sword       |     6 |    52 ||    58
       Quarterstaff      |       |    24 ||    24
 Cast: Flame Tongue      |    47 |    14 ||    61
       Throw Flame       |     5 |    27 ||    32
  Use: Scroll            |       |     4 ||     4
       Potion            |       |     4 ||     4
  Eat: Chunk             |     1 |     4 ||     5
Armor: Robe              |     4 |     2 ||     6
       Ring mail         |       |    21 ||    21
Dodge: Dodged            |    18 |    30 ||    48

Table legend:
 A = Non-vault XP
 B = Vault XP
 C = Vault XP percentage of total XP
 D = Non-vault monster count
 E = Vault monster count
 F = Vault count percentage of total count
                 A         B        C        D         E       F
            +---------+---------+-------+---------+---------+-------
      Total |     132 |     127 |  49.0 |      48 |       3 |   5.9
            +---------+---------+-------+---------+---------+-------
        D:1 |      44 |       0 |   0.0 |      20 |       0 |   0.0
        D:2 |      88 |      77 |  46.7 |      28 |       2 |   6.7
        D:3 |       0 |      50 | 100.0 |       0 |       1 | 100.0
            +---------+---------+-------+---------+---------+-------
